Cogmind - Beta 15 @@@ ROGUE MODE // 2025.09.14 @ 20:00:46 Player: Anbaraen Result: Destroyed by 8I-SPC(R) with Subdweller Machine Gun Performance ------------- Evolutions (0) 0 Regions Visited (2) 400 Robots Destroyed (3) 15 Value Destroyed (126) 126 Prototype IDs (2) 40 Alien Tech Used (0) 0 Bonus (0) 0 TOTAL SCORE: 581 Bonus ------- None Cogmind --------- Core Integrity 0/250 Matter 179/300 Energy 100/100 System Corruption 0% Temperature Cool (9) Movement Treading (160) Location -10/Subcaves Parts ------- > --- POWER (1) -------- (None) > --- PROPULSION (2) --- Light Treads > --- UTILITY (2) ------ Small Storage Unit > --- WEAPON (2) ------- (None) > --- INVENTORY (8) ---- Ion Engine Light Treads Aluminum Leg Aluminum Leg Aluminum Leg Subdweller Beam Cannon Grenade Launcher Peak State ------------ > --- POWER ------------ Light Ion Engine > --- PROPULSION ------- Aluminum Leg Makeshift Leg > --- UTILITY ---------- Small Storage Unit > --- WEAPON ----------- Assault Rifle Light Assault Rifle > --- INVENTORY -------- Ion Engine Light Ion Engine Light Treads Light Treads Wheel Wheel Small Laser Grenade Launcher [Rating: 9] Favorites ----------- Power Light Ion Engine Engine Light Ion Engine Propulsion Aluminum Leg Treads Light Treads Leg Aluminum Leg Wheel Wheel Utility Small Storage Unit Storage Small Storage Unit Weapon Light Assault Rifle Energy Gun Small Laser Ballistic Gun Light Assault Rifle Launcher Grenade Launcher Build | -11 -10 -10 ------- Run | Yrd Mat Sub Slots Evolved . | . . . Power . | . . . Propulsion . | . . . Utility . | . . . Weapon . | . . . Parts Attached 11 | . 1 10 Power 1 | . . 1 Engine 1 | . . 1 Core . | . . . Reactor . | . . . Propulsion 7 | . . 7 Treads 1 | . . 1 Leg 4 | . . 4 Wheel 2 | . . 2 Hover . | . . . Flight . | . . . Utility . | . . . Device . | . . . Storage . | . . . Processor . | . . . Hackware . | . . . Protection . | . . . Artifact . | . . . Weapon 3 | . 1 2 Energy Gun . | . . . Energy Cannon . | . . . Ballistic Gun 2 | . 1 1 Ballistic Cannon . | . . . Launcher 1 | . . 1 Special Weapon . | . . . Impact Weapon . | . . . Slashing Weapon . | . . . Piercing Weapon . | . . . Special Melee Weapon . | . . . Unidentified Prototypes . | . . . Parts Lost 6 | . . 6 Power 2 | . . 2 Propulsion 2 | . . 2 Utility . | . . . Weapon 2 | . . 2 Highest Loss Streak 5 | . . 5 To Critical Strikes . | . . . Average Backups 7 | 6 7 7 Power 1 | 1 1 1 Propulsion 4 | 4 4 4 Utility . | . . . Weapon 1 | 1 1 1 Tool/Special . | . . . Unused Backups 12 | . 5 7 Power 3 | . 1 2 Propulsion 4 | . 2 2 Utility 1 | . 1 . Weapon 4 | . 1 3 Tool/Special . | . . . Average Slot Usage (%) 83 | . 85 83 Engine 14 | . 14 14 Leg 27 | . 28 26 Storage 14 | . 14 14 Ballistic Gun 25 | . 25 25 Launcher 1 | . . 1 Peak Build Rating 9 | 6 6 9 Average Rating 6 | 6 6 6 On Entrance 6 | 6 6 6 Naked Turns . | . . . Heaviest Build 12 | 10 11 12 Greatest Support 20 | 20 20 20 Greatest Overweight (x) 3 | . . 3 Average Overweight (x) . | . . . Largest Inventory Capacity 8 | 8 8 8 Average Capacity 8 | 8 8 8 Most Carried 8 | 6 8 8 Average Carried 7 | 6 7 7 Final Capacity 8 | 8 8 8 Final Carried 8 | 6 8 7 Class Distribution -------------------- 100% | Mutant Dominant Class ---------------- Mutant | -10/Materials Mutant | -10/Subcaves Resources | -11 -10 -10 ----------- Run | Yrd Mat Sub Matter Collected 354 | 200 13 141 Remotely . | . . . Salvage Created 145 | . . 145 Parts 8 | . . 8 Haulers Intercepted . | . . . Recyclers Shooed . | . . . Parts Field Recycled . | . . . Retrieved Matter . | . . . Parts Self-Destructed 11 | . . 11 Prevented . | . . . Kills | -11 -10 -10 ------- Run | Yrd Mat Sub Combat Hostiles Destroyed 3 | . . 3 Guns 3 | . . 3 Classes Destroyed 2 | . . 2 Grunt 2 | . . 2 Sentry 1 | . . 1 Best Kill Streak 2 | . . 2 Combat Bots Only 2 | . . 2 Max Kills in Single Turn 1 | . . 1 Gunslinging . | . . . Exploded . | . . . Melee . | . . . Uniques/NPCs Destroyed . | . . . Combat | -11 -10 -10 -------- Run | Yrd Mat Sub Hostile Shots Fired 65 | . . 65 Missed 15 | . . 15 Hits 50 | . . 50 Projectile 50 | . . 50 Critical Strikes 1 | . . 1 Damage Taken 935 | . 28 907 Core 260 | . 10 250 Absorbed by Shields . | . . . Core Remaining (%) 100 | 100 . . Volleys Fired 30 | . 1 29 Largest 2 | . 2 2 Hottest 43 | . 40 43 Shots Fired 49 | . 2 47 Gun 41 | . 2 39 Cannon . | . . . Launcher 8 | . . 8 Special . | . . . Kinetic 41 | . 2 39 Thermal . | . . . Explosive 8 | . . 8 Electromagnetic . | . . . Robot Hit Streak 8 | . 1 8 Robot Miss Streak 2 | . 1 2 Penetration Max . | . . . Secondary Targets 1 | . . 1 Max Gunslinging Chain 1 | . . 1 Shots Hit Robots 25 | . 1 24 Core Hits 8 | . . 8 Critical Kills . | . . . Critical Parts Destroyed . | . . . Critical Strikes . | . . . Melee Attacks . | . . . Impact . | . . . Slashing . | . . . Piercing . | . . . Sneak Attacks . | . . . Combat Hostiles . | . . . Follow-up Attacks . | . . . Damage Inflicted 291 | . 8 283 Guns 291 | . 8 283 Cannons . | . . . Explosions . | . . . Melee . | . . . Ramming . | . . . Kinetic 291 | . 8 283 Thermal . | . . . Explosive . | . . . Electromagnetic . | . . . Impact . | . . . Slashing . | . . . Piercing . | . . . Highest Corruption . | . . . Average Corruption . | . . . Corruption Purged . | . . . Corruption Blocked . | . . . Overload Shots . | . . . Overflow Damage . | . . . Projectiles . | . . . Explosions . | . . . Melee . | . . . Knockbacks . | . . . Impact . | . . . Kinetic . | . . . Secondary . | . . . Self-Inflicted Damage . | . . . Shots . | . . . Rammed . | . . . Targets Rammed . | . . . Kicked . | . . . Crushed . | . . . Highest Temperature 220 | . . 220 Average Temperature 121 | . . 121 Received Heat Transfer 529 | . 18 511 Siege Activations . | . . . Martial Activations . | . . . Shielding Activations . | . . . Robots Disrupted . | . . . Combat Hostiles . | . . . Robots Corrupted . | . . . Combat Hostiles . | . . . Parts Fried . | . . . Impact Corruptions . | . . . Robots Melted . | . . . Combat Hostiles . | . . . Parts Melted . | . . . Heat Transferred . | . . . Parts Sabotaged . | . . . Parts Stolen . | . . . Parts Stripped . | . . . Power Chain Reactions . | . . . Alert | -11 -10 -10 ------- Run | Yrd Mat Sub Maximum Alert Level . | . . . Low Security (%) 100 | 100 100 . Level 1 . | . . . Level 2 . | . . . Level 3 . | . . . Level 4 . | . . . Level 5 . | . . . High Security . | . . . Max Security . | . . . Peak Influence 12 | . 12 . Initial . | . . . Average . | . . . Influence Increases 82 | . 12 70 Destroy 0b10 Robot/C 60 | . . 60 Destroy Leader 10 | . . 10 Successful Hack 12 | . 12 . Influence Decreases 82 | . 12 70 Time Decay 82 | . 12 70 Squads Dispatched . | . . . Investigation . | . . . Extermination . | . . . Reinforcement . | . . . Assault . | . . . Garrison . | . . . Intercept . | . . . Searches Triggered . | . . . Construction Impeded . | . . . Haulers Reinforced . | . . . Active Scanning Responses . | . . . Cargo Convoy Interrupts . | . . . Stealth | -11 -10 -10 --------- Run | Yrd Mat Sub Distress Signals . | . . . Communications Jammed . | . . . Distress Signals . | . . . Times Spotted 9 | . 3 6 Peak Tracking Total 3 | . 2 3 Tactical Retreats . | . . . Traps | -11 -10 -10 ------- Run | Yrd Mat Sub Traps Triggered . | . . . Indirectly . | . . . Trap Hack Attempts . | . . . Triggered . | . . . Disarmed . | . . . Reprogrammed . | . . . Reused . | . . . Traps Extracted . | . . . Installed . | . . . Triggered . | . . . Machines | -11 -10 -10 ---------- Run | Yrd Mat Sub Machines Disabled . | . . . Max in Single Turn . | . . . Machines Repaired . | . . . Machines Dismantled . | . . . Machines Sabotaged . | . . . Overloaded Fab Kills . | . . . Hacking | -11 -10 -10 --------- Run | Yrd Mat Sub Machines Accessed 2 | . 2 . Terminals 1 | . 1 . Fabricators . | . . . Repair Stations 1 | . 1 . Recycling Units . | . . . Scanalyzers . | . . . Garrison Access . | . . . Total Hacks 6 | . 6 . Successful 4 | . 4 . Failed 2 | . 2 . Catastrophic . | . . . Database Lockouts . | . . . Manual . | . . . Terminals 5 | . 5 . Fabricators . | . . . Repair Stations 1 | . 1 . Recycling Units . | . . . Scanalyzers . | . . . Garrison Access . | . . . Terminal Hacks 3 | . 3 . Prototype ID Bank 1 | . 1 . Alert Level 1 | . 1 . Patrol Status 1 | . 1 . Fabricator Hacks . | . . . Repair Station Hacks 1 | . 1 . Scan Component 1 | . 1 . Recycling Unit Hacks . | . . . Scanalyzer . | . . . Garrison Access Hacks . | . . . Unauthorized Hacks . | . . . Terminals . | . . . Fabricators . | . . . Repair Stations . | . . . Recycling Units . | . . . Scanalyzers . | . . . Garrison Access . | . . . Data Cores Recovered 1 | . 1 . Used . | . . . Hacking Detections 1 | . 1 . Full Trace Events . | . . . Feedback Events . | . . . Feedback Blocked . | . . . Robot Schematics Acquired . | . . . Robots Built . | . . . Authchips . | . . . Time . | . . . Total Robot Build Rating . | . . . Part Schematics Acquired . | . . . Parts Built . | . . . Authchips . | . . . Time . | . . . Total Part Build Rating . | . . . Parts Repaired . | . . . Time . | . . . Parts Recycled . | . . . Recycled Matter . | . . . Retrieved Matter . | . . . Retrieved Components . | . . . Parts Scanalyzed . | . . . Part Schematics Acquired . | . . . Parts Damaged . | . . . Bothacking | -11 -10 -10 ------------ Run | Yrd Mat Sub Used RIF Installer . | . . . Robots Hacked . | . . . Non-combat . | . . . Combat . | . . . Robot Hacks Applied . | . . . Relay Couplers Released . | . . . Fabnet Peak Effective % . | . . . Robots Rewired . | . . . Allies Hacked . | . . . Hacks Repelled . | . . . Allies | -11 -10 -10 -------- Run | Yrd Mat Sub Total Allies . | . . . Largest Group . | . . . Highest-Rated Group . | . . . Highest-Rated Ally . | . . . Total Orders . | . . . Ally Attacks . | . . . Total Damage . | . . . Kills . | . . . Allies Corrupted . | . . . Allies Melted . | . . . Intel | -11 -10 -10 ------- Run | Yrd Mat Sub Active Infowar (turns) . | . . . Robot Analysis Total . | . . . Derelict Logs Recovered 1 | . . 1 Drone Launches . | . . . Drone Recoveries . | . . . Exploration | -11 -10 -10 ------------- Run | Yrd Mat Sub Turns Passed 955 | 5 239 711 Spaces Moved 659 | 5 164 490 Core 4 | . . 4 Treads 13 | . . 13 Legs 633 | 5 164 464 Wheels 9 | . . 9 Hover . | . . . Flight . | . . . Fastest Speed 80 | 120 120 80 Average Speed 121 | 120 120 121 Slowest Speed 200 | 120 120 200 Overloaded Moves . | . . . Propulsion Burnouts . | . . . Robots Hopped . | . . . Potential Cave-ins . | . . . Cave-ins Triggered . | . . . Exploration Rate (%) 19 | 2 26 31 Regions Visited 2 Branch Regions 1 Pre-discovered Areas . | . . . Known Exits Taken . | . . . Unknown Exits Taken 2 | 1 1 . Scrap Searched . | . . . Spaces Dug 63 | . . 63 Terrain Destroyed 63 | . . 63 Melee . | . . . Projectile . | . . . AOE 63 | . . 63 Terrain Rammed . | . . . Walls Destroyed . | . . . Machines Disabled . | . . . Actions | -11 -10 -10 --------- Run | Yrd Mat Sub Total 769 | 4 204 561 Wait 59 | . 37 22 Move 657 | 4 163 490 Hop . | . . . Pick Up 4 | . 2 2 Fast Attach 1 | . . 1 Attach 2 | . . 2 Detach . | . . . Swap 11 | . 1 10 Drop 5 | . . 5 Fire 30 | . 1 29 Melee . | . . . Ram . | . . . Kick . | . . . Crush . | . . . Escape Stasis . | . . . Rewire . | . . . Trap . | . . . Miscellaneous . | . . . Route ------- -11/Scrapyard -10/Materials (discovered 2 exits: [*Min] / [*Sub]) -10/Subcaves (discovered 1 exit: [Scr]) History --------- Turn | Location | Event 1 | -11/Scrapyard | Discovered new exit (range 2) 6 | -11/Scrapyard | Entered Materials 7 | -10/Materials | Met a group of wandering Federalists 89 | -10/Materials | Discovered new exit (range 14) 116 | -10/Materials | Discovered new exit (range 5) 245 | -10/Materials | Entered Subcaves 246 | -10/Subcaves | Learned Materials garrison access intel 246 | -10/Subcaves | Continued accompanying wandering Federalists (6) 246 | -10/Subcaves | Approached by a straggling Scientist 302 | -10/Subcaves | Build established: Mutant 566 | -10/Subcaves | Curiously followed by a Cobbler waking with a query about "LVR3C" 742 | -10/Subcaves | Shifting Twisted Machinery released Battle Cannon 754 | -10/Subcaves | Shifting Twisted Machinery released Sub. Beam Cannon 942 | -10/Subcaves | Core integrity fell below 50% 946 | -10/Subcaves | Core integrity fell below 20% 956 | -10/Subcaves | Destroyed by 8I-SPC(R) with Subdweller Machine Gun Last Messages --------------- 00631_ Acquired 2 matter. 00633_ Acquired 10 matter. 00645_ Acquired 3 matter. 00649_ The unstable cave ceiling collapses. 00691_ Acquired 8 matter. Battle Cannon falls loose from the Twisted Machinery. Sub. Beam Cannon falls loose from the Twisted Machinery. 00757_ Dropped Sml. Laser. 00764_ Acquired Sub. Beam Cannon. 00816_ Subatomizers dissect the Sml. Laser. 00902_ XP-D2E(R) emerges from the Twisted Machinery. 00917_ Lgt. Assault Rifle destroyed. 00924_ Hvy. Assault Rifle destroyed. 00928_ Wheel destroyed. 00945_ Critical hit (Meltdown: +250). 00951_ Lgt. Ion Engine destroyed. 00953_ Wheel destroyed. Map ----- +----------------------------------------------------+ | ????????????% ?????????????????????????????????? | | ??????###??? #??????##"??##????????????????????? | | ? ???? # ### ##?????# "###"????????????????????? | | ? ???? # #?????# """""#???????????????????? | | ? ????? #?????# """" ##??????????????????? | | ? ????# ###???# ##?????????????????? | | ?# ????# #?## ####??????????????? | | ## ????# ### ""#??????????????? | | ? #??## ## "#??????????????? | | ?# ?## ???????????????? | | ## ?# ?#" #????????????????? | | ## #?? #?#" #?????????????????? | | #???# #?#" ##????????????????? | | #???# #??### ##???????????????? | | ### # ##??# ##??## ##??????????????? | | ???## #### ###### #### ##?????????????? | | ???# ##??## #### ## #?????????????? | | ???## #????## # ##?????????????? | | ###?# ##????# ## RR ##??????????????? | | # ### ]"###### ## #???????????????? | | ##" ## ###???????????????? | | ##" ;#?????????????????? | | ""##" ## ##?????????????????? | | """" ### #?????????????????? | | "" ### ##?????????????????? | | " " @ ####???????????????? | | [ # #???????????????? | | ##"" ## #### #???????????????? | | ?# #### #??######## ##??????????????? | | ?#" #### #?????????# ##?????????????? | | ## #?### ????????## #?????????????? | | # ###???## #???????## #?????????????? | | #???????# ##????????## ##?????????????? | | ### #????????###??????????# #??????????????? | | #?###?????????????????????#####??????????????? | | #????????????????????????????????????????????? | | #????????????????????????????????????????????? | | ##????????????????????????????????????????????? | | ##????????????????????????????????????????????? | | #????????????????????????????????????????????? | | ##????????????????????????????????????????????? | | ###?????????????????????????????????????????????? | | ????????????????????????????????????????????????? | | ????????????????????????????????????????????????? | | ????????????????????????????????????????????????? | | ????????????????????????????????????????????????? | | ????????????????????????????????????????????????? | | ????????????????????????????????????????????????? | | ????????????????????????????????????????????????? | | ????????????????????????????????????????????????? | +----------------------------------------------------+ Best States ------------- Heat Dissipation 25 Energy Generation 10 Energy Capacity 125 Matter Stores 300 Matter Capacity 300 Sight Range 16 Terrain Scan Density 10 Evasion (%) 55 Recoil Reduction 1 Item Schematics ----------------- None Robot Schematics ------------------ None Fabricated ------------ Nothing Repaired ---------- Nothing Alien Tech Used ----------------- None Achievements -------------- None Challenges ------------ None Game ------ Seed CombatTeleporterNetwork Manual? 0 Play Time 00:11:09 Cumulative 16.2 hours Start 2025.08.29 @ 21:08:37 End 2025.09.14 @ 20:00:46 Sessions 3 Manual Loads 0 Difficulty Rogue Special Mode None Game No. 41 Rogue 41 Adventurer 0 Explorer 0 Win Type - Total 0 Types 0/0/0/0/0/0/0/0/0/0 Lore% 6 Gallery% 21 Achievement% 21 Wizard Run 0 Options --------- Layout 1 ASCII 0 Keyboard 0 Movement Mouse Keybinds 0 Fullscreen 1 Font 32/SmallcapsGlow Map View 50x35 Zoom Use 0% Tactical HUD 1 Map Filters NONE Filters NONE Steam 1 RUN: cb2fcf7b-572d-4d32-99c6-77d82fc7616e